 Dungeon Crawl Stone Soup version 0.21.1-1-g345015fe64 (webtiles) character file.

37268 Oravi the Martial Artist (level 13, -3/124 HPs)
             Began as a Merfolk Transmuter on May 7, 2018.
             Was a High Priest of Okawaru.
             Slain by an eight-headed hydra (11 damage)
             ... on level 4 of the Lair of Beasts.
             The game lasted 01:23:37 (20535 turns).

Oravi the Martial Artist (Merfolk Transmuter)      Turns: 20535, Time: 01:23:37

Health: -3/124     AC:  9    Str: 11    XL:     13   Next: 95%
Magic:  24/26      EV: 24    Int: 20    God:    Okawaru [*****.]
Gold:   1252       SH:  0    Dex: 20    Spells: 10/30 levels left

rFire    x . .     SeeInvis .     - Unarmed
rCold    + + +     Gourm    .   (shield currently unavailable)
rNeg     . . .     Faith    .   (armour currently unavailable)
rPois    +         Spirit   .   (helmet currently unavailable)
rElec    .         Reflect  .   (cloak currently unavailable)
rCorr    .         Harm     .   (gloves currently unavailable)
MR       .....                  (boots currently unavailable)
Stlth    +++.......             (no amulet)
HPRegen  0.30/turn              H - +3 ring of dexterity
MPRegen  0.20/turn              v - +4 ring of intelligence

@: ice-form, heroism, frozen, very slow
A: large, (change form in water), (swift swim), (stealthy swim), agile 1
a: End Transformation, Heroism, Finesse, Renounce Religion


You were on level 4 of the Lair of Beasts.
You worshipped Okawaru.
Okawaru was extremely pleased with you.
You were hungry.
You were a creature of crystalline ice.
You visited 3 branches of the dungeon, and saw 20 of its levels.
You also visited: Sewer and Ice Cave.

You collected 1252 gold pieces.

Inventory:

Missiles
 a - 463 arrows
Armour
 x - a +0 cloak (melded)
 E - the +0 ring mail "Xum Jaen" (melded) {Int+7}
   (Okawaru gifted it to you on level 11 of the Dungeon)

   It affects your intelligence (+7).
 L - a +1 leather armour of magic resistance
 R - a +2 helmet of intelligence (melded)
Magical Staves
 A - an uncursed staff of power (melded)
Jewellery
 g - a +2 ring of dexterity
 h - an uncursed ring of flight
 v - a +4 ring of intelligence (right front paw)
 z - an uncursed ring of wizardry
 D - an uncursed ring of resist corrosion
 G - an uncursed ring of fire
 H - a +3 ring of dexterity (left front paw)
Wands
 b - a wand of iceblast (5)
 c - a wand of scattershot (4)
 n - a wand of paralysis (14)
 y - a wand of acid (9)
 F - a wand of clouds (2)
 K - a wand of digging (11)
 U - a wand of disintegration (13)
 V - a wand of random effects (18)
Scrolls
 i - 3 scrolls of amnesia
 l - a scroll of blinking
 o - 5 scrolls of teleportation
 q - 2 scrolls of magic mapping
 u - 4 scrolls of fog
 B - 9 scrolls of remove curse
 C - 6 scrolls of identify
 I - 4 scrolls of enchant armour
 M - 2 scrolls of fear
 N - a scroll of summoning {unknown}
 T - a scroll of enchant weapon
Potions
 e - 4 potions of cancellation
 f - a potion of haste
 j - 5 potions of curing
 k - 3 potions of mutation
 m - 4 potions of brilliance
 r - 6 potions of flight
 s - 2 potions of might
 t - 2 potions of agility
 w - 4 potions of ambrosia
 P - a potion of berserk rage
 W - 2 potions of heal wounds
Books
 J - a book of Geomancy

   Spells                             Type                      Level
   a - Sandblast                      Earth                        1
   b - Passwall                       Transmutation/Earth          2
   c - Stone Arrow                    Conjuration/Earth            3
   d - Petrify                        Transmutation/Earth          4
   e - Lee's Rapid Deconstruction     Earth                        5
Miscellaneous
 p - a phial of floods
 O - a fan of gales
 Q - a lightning rod (4/4)
Comestibles
 d - 29 rations


   Skills:
 + Level 10.3(15.3) Fighting
 + Level 12.3(17.3) Dodging
 * Level 14.6(19.6) Unarmed Combat
 + Level 9.0 Spellcasting
 - Level 12.0 Transmutations
 - Level 5.0 Ice Magic
 + Level 1.3 Earth Magic
 + Level 2.4 Invocations


You had 10 spell levels left.
You knew the following spells:

 Your Spells              Type           Power        Failure   Level  Hunger
a - Spider Form           Tmut/Pois      ####......   1%          3    None
b - Sticks to Snakes      Tmut           ######..     1%          2    None
c - Ice Form              Ice/Tmut       #####...     2%          4    ###....
d - Blade Hands           Tmut           ######....   1%          5    #####..
e - Petrify               Tmut/Erth      #####...     4%          4    ###....
f - Passwall              Tmut/Erth      #####.....   1%          2    None


Dungeon Overview and Level Annotations

Branches:
Dungeon (14/15)            Temple (1/1) D:4            Lair (5/6) D:11
 Shoals (0/4) Lair:4       Spider (0/4) Lair:3          Orc (0/2) D:10
  Slime: Lair:5-6    Vaults: D:13-14

Altars:
Ashenzari
Cheibriados
Dithmenos
Elyvilon
Fedhas
Gozag
Hepliaklqana
Kikubaaqudgha
Makhleb
Nemelex Xobeh
Okawaru
Qazlal
Ru
Sif Muna
Trog
Uskayaw
Vehumet
Wu Jian
Xom
Yredelemnul
Zin
The Shining One

Shops:
D:5 (   D:8 *   D:10 [

Portals:
Trove: D:12 (give Lear's hauberk)

Annotations:
D:2 1 runed door
D:9 exclusion: 2 oklob plants
D:14 exclusion: Roxanne, Roxanne


Innate Abilities, Weirdness & Mutations

((You revert to your normal form in water.))
((You are very nimble and swift while swimming.))
((You are very stealthy in the water. (Stealth+)))
((You are partially covered in icy blue scales. (AC +2)))
You are agile. (Dex +2)
((Your system is resistant to poisons. (rPois)))


Message History

The eight-headed hydra closely misses you.
The eight-headed hydra misses you. The eight-headed hydra bites you!
* * * LOW HITPOINT WARNING * * *
The eight-headed hydra completely misses you.
The eight-headed hydra barely misses you.
The eight-headed hydra misses you. The eight-headed hydra bites you!
* * * LOW HITPOINT WARNING * * *
The eight-headed hydra misses you.
Okay, then.
The eight-headed hydra barely misses you.
The eight-headed hydra bites you but does no damage.
The eight-headed hydra completely misses you.
The eight-headed hydra bites you!
* * * LOW HITPOINT WARNING * * *
The eight-headed hydra bites you.
* * * LOW HITPOINT WARNING * * *
The eight-headed hydra completely misses you.
The eight-headed hydra closely misses you.
The eight-headed hydra bites you!
You die...

..#### #.........# #............
### ####.........## #####.#####.#
.####..#......)...## ###P###.<
##...............#.## ###.P......
#..##............##.###.<......#.
....#.............#....).........
.>...............................
.#####..#...#.........#..###P...≈
## #.....#....Y....#.#...###≈≈≈
#### #..P#..##.D.............##≈.
#..###..P#.###k##.....##......#≈.
...........###.##.............≈..
.##.##...##.#........##..##.#..≈≈
.#####..####.#>.#....#######..#≈.
## #..##.........#.###.##..###.
######..P##.##P#P.#...........≈.≈
.#..##....#.####..######P#.#.....


You could see an eight-headed hydra and a rime drake.

Vanquished Creatures
  Kirke (D:13)
  Frances (D:13)
  A hydra (Lair:2)
  5 two-headed ogres
  3 unseen horrors
  Pikel (D:5)
  A deep elf mage (D:12)
  7 ugly things
  A centaur zombie (D:12)
  Psyche (D:9)
  4 black mambas
  3 ice statues (IceCv)
  A gargoyle (D:10)
  2 komodo dragons (D:11)
  8 spiny frogs
  A rime drake (Lair:4)
  A kobold demonologist (D:12)
  3 trolls
  A polar bear (Lair:4)
  3 blink frogs (Lair:3)
  2 slime creatures (D:14)
  7 hippogriffs
  4 redbacks (Lair:3)
  A shadow (D:14)
  11 yaks
  2 wyverns
  A vampire (D:9)
  A wraith (D:11)
  A hog (D:13)
  2 basilisks
  Edmund (D:4)
  10 porcupines
  4 water moccasins
  A slave (D:5)
  4 orc warriors
  3 eyes of draining
  3 sky beasts
  4 black bears
  9 ogres
  8 ice beasts
  2 necrophages
  10 wolves
  10 centaurs
  11 crocodiles
  11 bullfrogs
  4 big kobolds
  A wyvern zombie (D:8)
  3 scorpions
  14 killer bees
  12 wights
  An electric eel (D:9)
  3 howler monkeys (D:7)
  3 crimson imps
  8 orc priests
  A gnoll shaman (D:4)
  2 jellies
  3 centaur skeletons
  5 hounds
  Jessica (D:2)
  6 iguanas
  10 orc wizards
  13 worker ants
  A killer bee zombie (D:7)
  A worker ant zombie (D:10)
  A howler monkey zombie (D:8)
  7 gnolls (D:4)
  A howler monkey skeleton (D:4)
  11 adders
  3 shadow imps
  An adder zombie (D:9)
  3 worms
  2 dart slugs
  11 leopard geckos
  40 orcs
  10 giant cockroaches
  14 goblins
  15 hobgoblins
  4 jackals (D:3)
  43 kobolds
  5 quokkas
  5 ball pythons
  9 bats
  7 frilled lizards
  A quokka zombie (D:8)
  7 rats
464 creatures vanquished.

Vanquished Creatures (collateral kills)
  A hydra (Lair:1)
  Harold (Lair:2)
  4 dream sheep (Lair:4)
  2 hogs (D:13)
8 creatures vanquished.

Vanquished Creatures (others)
  A centaur (D:14)
  9 fungi
  7 plants
17 creatures vanquished.

Grand Total: 489 creatures vanquished

Notes
Turn   | Place    | Note
-------+----------+-------------------------------------------
     0 | D:1      | Oravi the Merfolk Transmuter began the quest for the Orb.
     0 | D:1      | Reached XP level 1. HP: 15/15 MP: 3/3
   299 | D:1      | Reached XP level 2. HP: 20/21 MP: 3/5
   759 | D:1      | Reached XP level 3. HP: 24/26 MP: 4/6
   763 | D:1      | Learned a level 2 spell: Sticks to Snakes
   767 | D:1      | Learned a level 3 spell: Spider Form
  1279 | D:2      | Noticed Jessica
  1286 | D:2      | Killed Jessica
  1286 | D:2      | Reached skill level 4 in Unarmed Combat
  1286 | D:2      | Reached XP level 4. HP: 19/33 MP: 1/7
  1650 | D:2      | Found a runed door.
  1676 | D:2      | You fall through a shaft for 2 floors!
  1676 | D:4      | Noticed Edmund
  1723 | D:3      | Reached XP level 5. HP: 37/38 MP: 3/8
  1847 | D:3      | Found a glowing drain.
  1862 | Sewer    | Entered a sewer
  2759 | D:3      | Reached XP level 6. HP: 44/46 MP: 6/10
  3239 | D:4      | Reached skill level 5 in Unarmed Combat
  3300 | D:4      | Killed Edmund
  3547 | D:4      | Found a staircase to the Ecumenical Temple.
  3553 | Temple   | Entered the Ecumenical Temple
  3655 | Temple   | Became a worshipper of Warmaster Okawaru
  4141 | D:4      | Found a shattered altar of Ashenzari.
  4261 | D:4      | Reached XP level 7. HP: 51/52 MP: 7/11
  4651 | D:5      | Entered Level 5 of the Dungeon
  4684 | D:5      | Reached skill level 5 in Dodging
  4684 | D:5      | Reached skill level 6 in Unarmed Combat
  4695 | D:5      | Reached skill level 5 in Transmutations
  4723 | D:5      | Noticed Pikel
  4750 | D:5      | Killed Pikel
  4750 | D:5      | Reached * piety under Okawaru
  4750 | D:5      | Reached skill level 7 in Unarmed Combat
  4750 | D:5      | Reached XP level 8. HP: 44/61 MP: 9/14
  4865 | D:5      | Found Caechot's Antique Weapon Shop.
  5003 | D:5      | Learned a level 4 spell: Ice Form
  5009 | D:5      | Learned a level 5 spell: Blade Hands
  5238 | D:5      | Reached ** piety under Okawaru
  5483 | D:5      | Noticed a two-headed ogre
  5497 | D:5      | Killed a two-headed ogre
  5497 | D:5      | Reached skill level 5 in Fighting
  5497 | D:5      | Reached skill level 8 in Unarmed Combat
  5497 | D:5      | Reached XP level 9. HP: 8/68 MP: 12/16
  5995 | D:6      | Reached *** piety under Okawaru
  5995 | D:6      | Reached skill level 5 in Spellcasting
  6980 | D:7      | Reached skill level 9 in Unarmed Combat
  7167 | D:7      | Reached **** piety under Okawaru
  7292 | D:7      | Reached XP level 10. HP: 74/76 MP: 16/18
  7695 | D:8      | Found Xyes's Assorted Antiques.
  8355 | D:8      | Reached skill level 10 in Unarmed Combat
  8535 | D:9      | Noticed a two-headed ogre
  8562 | D:9      | Killed a two-headed ogre
  8562 | D:9      | Reached ***** piety under Okawaru
  8922 | D:9      | Received a gift from Okawaru
  8925 | D:9      | Noticed a two-headed ogre
  9229 | D:9      | Killed a two-headed ogre
  9296 | D:9      | Noticed Psyche
  9309 | D:9      | Killed Psyche
  9485 | D:9      | Reached XP level 11. HP: 76/84 MP: 20/20
  9609 | D:9      | Found a bloodstained altar of Trog.
  9652 | D:9      | Reached skill level 11 in Unarmed Combat
  9754 | D:9      | Found a blossoming altar of Fedhas.
  9757 | D:9      | Noticed an oklob plant
  9757 | D:9      | Noticed an oklob plant
 10011 | D:10     | Entered Level 10 of the Dungeon
 10085 | D:10     | Received a gift from Okawaru
 10240 | D:10     | Gained mutation: You are partially covered in icy blue scales. (AC +2) [potion of mutation]
 10240 | D:10     | Gained mutation: Your system is resistant to poisons. (rPois) [potion of mutation]
 10240 | D:10     | Gained mutation: You are agile. (Dex +2) [potion of mutation]
 10247 | D:10     | Killed an unseen horror
 10570 | D:9      | Identified a scroll of acquirement
 10621 | D:10     | Found Harch's Armour Boutique.
 10714 | D:10     | Noticed a two-headed ogre
 10726 | D:10     | Killed a two-headed ogre
 10954 | D:10     | Reached skill level 10 in Transmutations
 11121 | D:10     | Found a staircase to the Orcish Mines.
 11412 | D:11     | Received a gift from Okawaru
 11412 | D:11     | Reached skill level 10 in Dodging
 11421 | D:11     | Got a heavily runed ring mail {god gift}
 11608 | D:11     | Noticed a green ugly thing
 11627 | D:11     | Killed a green ugly thing
 11627 | D:11     | Reached skill level 12 in Unarmed Combat
 11847 | D:11     | Noticed a two-headed ogre
 11855 | D:11     | Killed a two-headed ogre
 11919 | D:11     | Found a staircase to the Lair.
 11943 | D:11     | Reached XP level 12. HP: 88/94 MP: 20/23
 12573 | D:11     | Got a pair of brightly glowing boots
 12574 | D:11     | Identified the cursed -6 pair of boots "Fetogh" {*Corrode MR++ Str+3} (You found it on level 11 of the Dungeon)
 12581 | D:11     | Identified the +0 ring mail "Xum Jaen" {Int+7} (Okawaru gifted it to you on level 11 of the Dungeon)
 13071 | D:12     | Reached skill level 13 in Unarmed Combat
 13320 | D:12     | Received a gift from Okawaru
 13375 | D:12     | Found a portal to a secret trove of treasure.
 13697 | D:13     | Identified the Papyrus of Supportive Stolen Souls
 13923 | D:13     | Noticed Kirke
 13955 | D:13     | Killed Kirke
 14011 | D:13     | Noticed Frances
 14025 | D:13     | Killed Frances
 14131 | D:13     | Reached XP level 13. HP: 58/101 MP: 25/25
 14841 | D:14     | Noticed Roxanne
 15275 | Lair:1   | Entered Level 1 of the Lair of Beasts
 15304 | Lair:1   | Found a frozen archway.
 15318 | Lair:1   | Reached skill level 1 in Ice Magic
 15340 | IceCv    | Entered an ice cave
 15928 | IceCv    | Received a gift from Okawaru
 16000 | IceCv    | Got a jewelled longbow {god gift}
 16200 | Lair:1   | Reached skill level 14 in Unarmed Combat
 16991 | Lair:1   | Got an ancient ring mail
 16992 | Lair:1   | Identified the +4 ring mail "Abyddica" {rPois Str-3 Slay+2} (You found it on level 1 of the Lair of Beasts)
 17115 | Lair:2   | Reached skill level 10 in Fighting
 17211 | Lair:2   | Noticed Harold
 17229 | Lair:2   | Killed Harold
 17469 | Lair:2   | Received a gift from Okawaru
 17505 | Lair:2   | Reached skill level 1 in Invocations
 18070 | Lair:2   | Learned a level 2 spell: Passwall
 18075 | Lair:2   | Learned a level 4 spell: Petrify
 18101 | Lair:3   | Received a gift from Okawaru
 18763 | Lair:3   | Found a hole to the Spider Nest.
 19744 | Lair:4   | Found a staircase to the Shoals.
 19842 | Lair:4   | Reached skill level 1 in Earth Magic
 19844 | Lair:4   | Reached skill level 5 in Ice Magic
 20535 | Lair:4   | Slain by an eight-headed hydra

Skill      XL: |  1  2  3  4  5  6  7  8  9 10 11 12 13 |
---------------+----------------------------------------+-----
Dodging        | 3 4 5 6 7 9 10 11 12 | 12.3
Transmutations | 3 4 5 6 7 9 10 11 12 | 12.0
Unarmed Combat | 4 5 7 8 9 10 12 13 14 | 14.6
Fighting       | 2 3 4 5 6 7 8 9 10 | 10.3
Spellcasting   | 3 4 5 6 7 8 9 |  9.0
Ice Magic      | 5 |  5.0
Invocations    | 2 |  2.4
Earth Magic    | 1 |  1.3

Action                   |  1- 3 |  4- 6 |  7- 9 | 10-12 | 13-15 || total
-------------------------+-------+-------+-------+-------+-------++-------
Melee: Unarmed           |   104 |   213 |   260 |   626 |   304 ||  1507
       Headbutt          |     7 |       |       |       |       ||     7
       Punch             |       |     2 |       |     3 |     2 ||     7
       Staff             |       |       |       |    15 |       ||    15
 Cast: Beastly Appendage |    13 |     2 |       |       |       ||    15
       Spider Form       |     9 |    35 |    34 |    62 |    13 ||   153
       Blade Hands       |       |       |       |     8 |     5 ||    13
       Sticks to Snakes  |       |       |       |     6 |    20 ||    26
       Ice Form          |       |       |       |       |    21 ||    21
       Petrify           |       |       |       |       |     6 ||     6
Invok: Heroism           |       |       |     2 |    11 |    15 ||    28
       Finesse           |       |       |       |       |     1 ||     1
 Abil: End Transformatio |       |       |       |     2 |     3 ||     5
Evoke: Wand              |       |       |       |     3 |       ||     3
  Use: Scroll            |       |     5 |     6 |    14 |     5 ||    30
       Potion            |       |       |       |     8 |     2 ||    10
 Stab: Sleeping          |     2 |     5 |     5 |     4 |     2 ||    18
       Distracted        |       |       |       |     1 |     2 ||     3
       Petrified         |       |       |       |       |     6 ||     6
       Petrifying        |       |       |       |       |     1 ||     1
  Eat: Chunk             |     3 |    15 |    13 |    22 |    15 ||    68
       Ration            |       |       |       |     1 |     2 ||     3
Armor: Robe              |     7 |    10 |     4 |     4 |       ||    25
       Skin              |     3 |    10 |     5 |    21 |    32 ||    71
       Leather armour    |       |       |       |     1 |     4 ||     5
       Ring mail         |       |       |       |       |     5 ||     5
Dodge: Dodged            |    73 |   205 |   176 |   565 |   268 ||  1287
